 Seeded DCSS version 0.30-a0-187-gd9c2deaf24 (webtiles) character file.

Game seed: 14209511509897741892 (custom seed)

114 Iusername the Chopper (level 4, -5/40 HPs)
             Began as a Minotaur Fighter on Oct 3, 2022.
             Killed by divine providence
             ... invoked by an orc priest
              (12 damage)
             ... on level 3 of the Dungeon.
             The game lasted 00:01:20 (1453 turns).

Iusername the Chopper (Minotaur Fighter)            Turns: 1453, Time: 00:01:21

Health: -5/40      AC:  7    Str: 22    XL:     4   Next: 66%
Magic:  3/3        EV:  9    Int:  5    God:
Gold:   96         SH:  4    Dex: 10    Spells: 3/3 levels left

rFire   . . .      SeeInvis .    a - +0 war axe
rCold   . . .      Faith    .    c - +0 buckler
rNeg    . . .      Spirit   .    b - +0 scale mail
rPois   .          Reflect  .    (helmet restricted)
rElec   .          Harm     .    (no cloak)
rCorr   .          Rampage  .    (no gloves)
Will    .....                    (no boots)
Stlth   ..........               (no amulet)
HPRegen 0.26/turn                (no ring)
MPRegen 0.08/turn                (no ring)

@: no status effects
A: horns 2, retaliatory headbutt
a: no special abilities


You were on level 3 of the Dungeon.
You visited 1 branch of the dungeon, and saw 3 of its levels.

You collected 96 gold pieces.

Inventory:

Hand Weapons
 a - a +0 war axe (weapon)
Armour
 b - a +0 scale mail (worn)
 c - a +0 buckler (worn)
Scrolls
 e - a scroll of immolation {unknown}
 f - 2 scrolls of silence {unknown}
 g - a scroll of summoning {unknown}
 h - 3 scrolls of fear {unknown}
 i - a scroll of teleportation {unknown}
 j - a scroll of acquirement {unknown}
 k - a scroll of enchant weapon {unknown}
 l - a scroll of identify {unknown}
Potions
 d - 2 potions of might
 m - 2 potions of berserk rage {unknown}
 n - a potion of heal wounds {unknown}


   Skills:
 + Level 4.1 Fighting
 + Level 4.6 Axes
 + Level 4.1 Armour
 + Level 1.2 Dodging
 + Level 4.1 Shields


You had 3 spell levels left.
You didn't know any spells.
Your spell library contained the following spells:

 Spells                   Type           Power      Damage    Failure   Level
 Ignite Poison            Fire/Tmut/Pois 0%         N/A       99%         3
 Kindle Blastsparks       Fire/Tloc/Air  0%         2d10      99%         3
 Mephitic Cloud           Conj/Pois/Air  0%         N/A       99%         3
 Animate Dead             Necr           0%         N/A       100%        4
 Borgnjor's Vile Clutch   Necr/Erth      0%         N/A       100%        5
 Freezing Cloud           Conj/Ice/Air   0%         6-21      100%        5
 Death Channel            Necr           0%         N/A       100%        6


Dungeon Overview and Level Annotations

Branches:
Dungeon (3/15)

Altars:

Shops:
D:1 (


Innate Abilities, Weirdness & Mutations

You have a pair of horns on your head.
You reflexively headbutt those who attack you in melee.


Message History

A quokka comes into view.
The quokka bites you but does no damage.
A quokka is nearby!
You miss the quokka. Your headbutt misses the quokka. The quokka bites you.
A quokka is nearby!
You slash the quokka!
You kill the quokka!
There is a stone staircase leading up here. 2 orcs come into view.
Found a bloodstained rapier.
Found a stone staircase leading down.
The orc shouts! x2; You hear a shout!
An orc priest comes into view. It is wielding a +0 whip.
There are monsters nearby!
A hobgoblin comes into view.
The hobgoblin shouts!
The orc hits you with a +0 trident.
There are monsters nearby!
You closely miss the orc. The orc hits you with a +0 trident.
The orc barely misses you.
You slash the orc!
You kill the orc!
The orc priest looks satisfied for a moment.
The orc priest hits you but does no damage.
You see here a +0 trident.
You closely miss the orc priest.
The orc priest invokes the aid of Beogh against you.
Beogh smites you!
You barely miss the orc priest. The orc priest hits you with a +0 whip.
The orc priest invokes the aid of Beogh against you.
Pain shoots through your body!
* * * LOW HITPOINT WARNING * * *
You are too injured to fight recklessly!
You barely miss the orc priest. You headbutt the orc priest.
The orc priest is moderately wounded.
You block the orc priest's attack.
You closely miss the orc priest. You headbutt the orc priest!
The orc priest is almost dead.
The orc priest mumbles some strange prayers to Beogh against you.
Beogh smites you!
You die... .#.# #..# #..# #).# #>.# #og

### #o# #..
#@# ## #.#
#.# ## .
###.###.#...#
#.#...<....#
..#
#.#.#.###.##
..#
#.........#
..#
###...###.#
..#
#...###..#
..# #..<....#


You could see an orc priest, an orc and a hobgoblin.

Vanquished Creatures
  Natasha (D:3)
  3 adders
  A worm (D:2)
  A dart slug (D:1)
  An orc (D:3)
  6 ball pythons
  6 bats
  6 endoplasms
  A giant cockroach (D:1)
  4 goblins
  8 hobgoblins
  7 kobolds
  A quokka (D:3)
  2 frilled lizards (D:2)
  7 rats
55 creatures vanquished.

Vanquished Creatures (others)
  A plant (D:2)
1 creature vanquished.

Grand Total: 56 creatures vanquished

Notes
Turn   | Place    | Note
-------+----------+-------------------------------------------
     0 | D:1      | Iusername the Minotaur Fighter began the quest for the Orb.
     0 | D:1      | Reached XP level 1. HP: 19/19 MP: 0/0
    73 | D:1      | Reached XP level 2. HP: 22/27 MP: 1/1
   192 | D:1      | Found Lejilucu's Weapon Boutique.
   525 | D:2      | Reached XP level 3. HP: 33/33 MP: 2/2
   908 | D:2      | Reached skill level 1 in Dodging
   913 | D:2      | Reached XP level 4. HP: 40/40 MP: 3/3
  1409 | D:3      | Noticed Natasha
  1413 | D:3      | Killed Natasha
  1453 | D:3      | Killed from afar by an orc priest

Illustrated notes

Levels and vault maps discovered:
D:1:      dpeg_arrival_ternary, layout_rooms, serial_shops, shop_statue,
          minmay_misc_feat_chi, serial_park_tiny_2
D:2:      layout_basic, serial_forest, infiniplex_forest_pool,
          infiniplex_forest_end_3, infiniplex_forest_straight_4,
          infiniplex_forest_straight_2, infiniplex_forest_straight_4,
          infiniplex_forest_clump_large, infiniplex_forest_straight_2,
          minmay_vboxes
D:3:      layout_loops_ring, lemuel_crystal_altar, uniq_terence, uniq_robin,
          uniq_natasha

Skill      XL: |  1  2  3  4 |
---------------+-------------+-----
Armour         | 4 |  4.1
Shields        | 4 |  4.1
Fighting       | 4 |  4.1
Axes           | 3 4 |  4.6
Dodging        | 1 |  1.2

Action                   |  1- 3 |  4- 6 || total
-------------------------+-------+-------++-------
Melee: War axe           |    72 |    22 ||    94
       Headbutt          |     8 |     5 ||    13
Armor: Scale mail        |    36 |     6 ||    42
Dodge: Dodged            |    36 |     6 ||    42
Block: Buckler           |    12 |     2 ||    14

Table legend: (Time is in decaauts)
 A = Elapsed time spent in this place.
 B = Non-inter-level travel time spent in this place.
 C = Inter-level travel time spent in this place.
 D = Time resting spent in this place.
 E = Time spent auto-exploring this place.
 F = Levels seen in this place.
 G = Mean time per level.
                   A        B        C        D        E       F      G
               +--------+--------+--------+--------+--------+-----+--------+
         Total |   1489 |   1412 |     77 |      0 |   1144 |   3 |  496.3 |
       Dungeon |   1489 |   1412 |     77 |      0 |   1144 |   3 |  496.3 |
               +--------+--------+--------+--------+--------+-----+--------+

Top non-repeatable levels by time:
     D:2: 768 daAuts
     D:1: 528 daAuts
     D:3: 192 daAuts
